 Dungeon Crawl Stone Soup version 0.19-a0-1498-g0b85ae9 (webtiles) character file.

256996 rlgrobin the Black Belt (level 19, -1/170 HPs)
             Began as a Grey Draconian Warper on Sept 8, 2016.
             Was an Elder of Uskayaw.
             Slain by a vault warden
             ... wielding a +0 battleaxe
              (37 damage)
             ... on level 2 of the Vaults on Sept 10, 2016.
             The game lasted 02:40:19 (51230 turns).

rlgrobin the Black Belt (Grey Draconian Warper)    Turns: 51230, Time: 02:40:19

Health: -1/170     AC: 25    Str: 10    XL:     19   Next: 46%
Magic:  30/30      EV: 29    Int: 15    God:    Uskayaw [****..]
Gold:   1564       SH:  0    Dex: 22    Spells: 9 memorised, 1 level left

rFire  + + .     SeeInvis +       - Unarmed
rCold  . . .     Gourm    +     (armour unavailable)
rNeg   . . .     Faith    .     (no shield)
rPois  +         Spirit   .     J - +2 hat
rElec  +         Dismiss  .     l - +2 cloak
rCorr  .         Reflect  .     T - +2 pair of gloves "Momurch" {rPois Str-5 Dex+2}
MR     ++...     Harm     .     e - +1 pair of boots of the Will of the Gods {*Contam rF++ Dex+4 SInv}
Stlth  ++++......               S - amulet of the gourmand
                                j - ring of protection from magic
                                p - ring "Losi Dahe" {rElec EV+2}

@: about to teleport, repel missiles
A: walk through water, unfitting armour, stinger 1, unbreathing, cold-blooded,
AC +15
a: Stomp, Line Pass, Renounce Religion
}: 1/15 runes: gossamer


You were on level 2 of the Vaults.
You worshipped Uskayaw.
Uskayaw was aware of your devotion.
You were very full.

You visited 8 branches of the dungeon, and saw 35 of its levels.
You visited the Abyss 1 time.
You also visited: Labyrinth.

You collected 3584 gold pieces.
You spent 2020 gold pieces at shops.

Inventory:

Missiles
 v - 9 throwing nets (quivered)
Armour
 e - the +1 pair of boots of the Will of the Gods (worn) {*Contam rF++ Dex+4 SInv}
   (You bought it in a shop on level 3 of the Shoals)

   It affects your dexterity (+4).
   It greatly protects you from fire.
   It lets you see invisible.
   It causes magical contamination when unequipped.
 l - a +2 cloak (worn)
 J - a +2 hat (worn)
 T - the +2 pair of gloves "Momurch" (worn) {rPois Str-5 Dex+2}
   (You found it on level 15 of the Dungeon)

   It affects your strength (-5).
   It affects your dexterity (+2).
   It protects you from poison.
Magical Staves
 P - an uncursed staff of wizardry {!a}
Rods
 x - a +0 rod of shadows (0/10) {!a}
   (You found it on level 11 of the Dungeon)
 z - a +3 rod of clouds (8/13) {!a}
   (You found it on level 12 of the Dungeon)
Jewellery
 j - a ring of protection from magic (right hand)
 p - the ring "Losi Dahe" (left hand) {rElec EV+2}
   (You found it on level 3 of the Spider Nest)

   [ring of evasion]

   It affects your evasion (+2).
   It insulates you from electricity.
 t - an uncursed amulet of dismissal
 A - the ring of Jeboph Impu {*Tele Str+4 Dex-3 SInv}
   (You bought it in a shop on level 2 of the Orcish Mines)

   [ring of teleportation]

   It may teleport you next to monsters.
   It affects your strength (+4).
   It affects your dexterity (-3).
   It lets you see invisible.
 N - an uncursed ring of ice
 S - an amulet of the gourmand (around neck)
 X - a +2 ring of protection
Wands
 B - a wand of iceblast (0/15)
 E - a wand of teleportation (3/9)
 Q - a wand of digging (5/24)
 V - a wand of lightning (9/15)
 Z - a wand of lightning (6/15)
Scrolls
 a - 2 scrolls of summoning
 b - a scroll of fear
 c - 4 scrolls of magic mapping
 g - 6 scrolls of blinking
 n - 3 scrolls of recharging
 u - 2 scrolls of enchant armour
 D - 8 scrolls of remove curse
 H - 6 scrolls of identify
 K - 10 scrolls of fog
 L - a scroll of silence
Potions
 k - 13 potions of curing
 o - 6 potions of invisibility
 q - 7 potions of brilliance
 r - 10 potions of flight
 w - 2 potions of cancellation
 F - 3 potions of agility
 G - 4 potions of haste
 I - a potion of heal wounds
 M - 7 potions of ambrosia
 O - 4 potions of might
Miscellaneous
 C - a phial of floods
 Y - a fan of gales
Comestibles
 d - 14 bread rations
 f - 22 meat rations
 i - a beef jerky
 s - 15 fruits


   Skills:
 - Level 15.0 Fighting
 - Level 0.8 Throwing
 - Level 15.2 Dodging
 - Level 9.6 Stealth
 - Level 16.2 Unarmed Combat
 - Level 7.3 Spellcasting
 + Level 7.2 Charms
 - Level 8.2 Necromancy
 - Level 7.5 Translocations
 + Level 5.8 Transmutations
 - Level 4.4 Air Magic
 - Level 11.5 Invocations
 - Level 10.2 Evocations


You had one spell level left.
You knew the following spells:

 Your Spells              Type           Power        Failure   Level  Hunger
a - Apportation           Tloc           ####......   1%          1    None
b - Dragon Form           Tmut           ###.......   100%        7    #######
c - Shroud of Golubria    Chrm/Tloc      ####......   1%          2    None
d - Animate Dead          Necr           N/A          4%          4    ####...
h - Haste                 Chrm           ####....     89%         6    #######
q - Blink                 Tloc           N/A          1%          2    None
t - Teleport Other        Tloc           ####....     1%          3    ##.....
v - Repel Missiles        Chrm/Air       ###...       1%          2    None
y - Passage of Golubria   Tloc           N/A          8%          4    ####...


Dungeon Overview and Level Annotations

Branches:
Dungeon (15/15)            Temple (1/1) D:5            Lair (6/6) D:11
 Shoals (4/4) Lair:3       Spider (4/4) Lair:3        Slime (0/5) Lair:5
    Orc (2/2) D:11            Elf (1/3) Orc:2        Vaults (2/5) D:13
 Depths (0/5) D:15
  Crypt: Vaults:2-3

Altars:
Ashenzari
Cheibriados
Dithmenos
Elyvilon
Fedhas
Gozag
Hepliaklqana
Kikubaaqudgha
Makhleb
Nemelex Xobeh
Okawaru
Qazlal
Ru
Sif Muna
Trog
Uskayaw
Vehumet
Xom
Yredelemnul
Zin
The Shining One
Jiyva

Shops:
D:10 %   D:11 %   Orc:2 !*[}   Shoals:3 *

Annotations:
D:14 1 exclusion
Lair:5 exclusion: oklob plant
Shoals:3 whistle in appreciation
Shoals:4 Ilsuiw, Polyphemus


Innate Abilities, Weirdness & Mutations

You can walk through water.
Your dull iron-grey scales are very hard. (AC +15)
Your body does not fit into most forms of armour.
You can survive without breathing.
You are cold-blooded and may be slowed by cold attacks.
Your tail ends in a poisonous barb.


Message History

The vault warden activates a sealing rune.
You open the large door.
The stone giant moves out of view.
The vault warden activates a sealing rune.
A door slams shut!
The vault warden is engulfed in freezing vapours.
The vault warden activates a sealing rune.
The death knight misses you.
You open the large door.
The vault warden hits you with a battleaxe!!
The vault warden is engulfed in freezing vapours.
The vault warden activates a sealing rune.
A door slams shut!
You can no longer merge with and destroy a victim.
A flayed ghost comes into view.
As you read the scroll of teleportation, it crumbles to dust.
You feel strangely unstable.
The death knight hits you from afar with an enchanted glaive!!
* * * LOW HITPOINT WARNING * * *
The vault warden hits you with a battleaxe!!!
You die...

#. ##+###
#..W.#
+....#
#..C§#
##++##WWp#
#....##p##
+....+)§)#
+....+@p)#
#....##+##
##++##...#
#....#
+.<..#
#....#
######


You could see a stone giant, 2 vault wardens, a death knight, a flayed ghost
(wandering) and a freezing wraith.

Vanquished Creatures
  Arachne (Spider:4)
  Gastronok (D:8)
  A kraken (Shoals:2)
  A sphinx (D:14)
  Roxanne (Spider:4)
  2 tengu reavers
  A fire giant (D:15)
  3 ghost moths (Spider:4)
  3 vault wardens (Vaults:1)
  3 emperor scorpions
  Aizul (Shoals:1)
  An ironheart preserver (Vaults:1)
  5 entropy weavers
  A stone giant (Orc:2)
  Nessos (Orc:2)
  2 spark wasps
  A merfolk javelineer (Shoals:3)
  6 merfolk impalers
  A minotaur (Lab)
  Josephine (D:13)
  2 fire dragons
  Erolcha (Orc:2)
  2 vault guards (Vaults:1)
  A rakshasa (Vaults:1)
  2 yaktaur captains (Vaults:1)
  2 merfolk avatars (Shoals:3)
  11 hydras
  3 ice dragons
  2 death knights (D:14)
  2 merfolk aquamancers
  Erica (Lair:1)
  A dancing weapon (Elf:1)
  12 centaur warriors
  3 tengu warriors (D:15)
  5 ogre magi
  16 death yaks
  3 orc high priests (Orc:2)
  A queen ant (Spider:1)
  The ghost of crawlian the Arsonist, a novice DEFE of Vehumet (Orc:1)
  A fire crab (shapeshifter) (D:14)
  2 deep elf knights
  A fire crab (Lair:6)
  4 unseen horrors
  A giant orange brain (Vaults:1)
  4 deep trolls
  4 sea snakes
  13 hill giants
  A deep elf archer (Elf:1)
  A wizard (Vaults:1)
  A phantasmal warrior (D:14)
  2 wolf spider zombies
  7 ironbrand convokers (Vaults:1)
  3 lindwurms
  The ghost of epen the Martial Artist, a novice MfMo of Ru (D:10)
  14 deep elf magi
  23 harpies
  5 orc knights
  18 orb spiders
  A wolf spider (shapeshifter) (D:13)
  8 cyclopes
  2 orc sorcerers (Orc:2)
  5 fauns (Shoals:3)
  32 wolf spiders
  11 ugly things
  7 hornets
  4 elephants
  9 manticores
  2 hornets (shapeshifter)
  2 moths of wrath
  7 griffons
  A guardian serpent (Lair:6)
  4 sirens
  Maurice (Orc:2)
  A black mamba (shapeshifter) (D:15)
  5 vault sentinels
  7 black mambas (Lair:6)
  4 water nymphs
  A guardian serpent (shapeshifter) (Vaults:1)
  4 gargoyles
  8 torpor snails
  15 spiny frogs
  2 kobold demonologists
  2 rime drakes
  11 komodo dragons
  3 demonic crawlers
  8 yaktaurs (Vaults:1)
  2 freezing wraiths (D:14)
  2 tengu conjurers (D:14)
  39 jumping spiders
  3 giant leeches (Lair:6)
  22 merfolk
  2 polar bears
  2 boulder beetles
  9 trolls
  2 wind drakes (Shoals:3)
  5 two-headed ogres
  A two-headed ogre (shapeshifter) (Vaults:1)
  10 dream sheep
  23 blink frogs
  6 snapping turtles
  12 slime creatures
  2 shadows
  Sigmund (D:5)
  9 wyverns
  11 water elementals
  9 wraiths
  99 redbacks
  45 yaks
  37 tarantellas
  A fire elemental (Elf:1)
  6 basilisks
  A human (D:7)
  A human (shapeshifter) (Vaults:1)
  3 hogs (D:7)
  2 vampire mosquitoes (D:15)
  5 hungry ghosts
  A steam dragon (D:11)
  15 hippogriffs
  6 wargs
  2 mottled dragons (Vaults:1)
  18 soldier ants
  15 water moccasins
  Duvessa (D:6)
  26 orc warriors
  6 porcupines
  2 sky beasts
  4 ice beasts
  2 phantoms
  2 black bears
  A black bear (shapeshifter) (Vaults:1)
  3 eyes of draining
  12 wasps
  A boggart (Vaults:2)
  A necrophage (D:6)
  28 centaurs
  9 wolves
  33 ogres
  12 crocodiles
  22 giant frogs
  8 big kobolds
  3 gnoll sergeants (D:11)
  Blork the orc (D:6)
  Dowan (D:6)
  7 scorpions
  10 killer bees
  19 wights
  4 howler monkeys
  3 electric eels
  5 centaur zombies
  8 crimson imps
  6 giant frog zombies
  8 jellies
  8 hounds
  A quasit (D:9)
  Crazy Yiuf (D:6)
  24 orc priests
  8 centaur skeletons
  2 giant frog skeletons
  10 iguanas
  18 orc wizards
  39 worker ants
  2 hound zombies (D:10)
  2 hound skeletons
  A mummy (D:6)
  Robin (D:3)
  A worker ant zombie (D:11)
  4 gnolls (D:5)
  65 river rats
  18 adders
  4 shadow imps
  An ooze (D:4)
  2 worms
  A dart slug (D:4)
  3 giant geckos
  88 orcs
  4 giant cockroaches
  7 hobgoblins
  10 jackals
  A quokka (D:10)
  6 bats
  5 giant newts
  11 goblins
  2 hobgoblin zombies (D:6)
  A jackal zombie (D:8)
  13 kobolds
  A kobold zombie (D:6)
  An orc zombie (D:6)
  A quokka zombie (D:7)
  10 rats
  2 bushes (Shoals:1)
  A plant (D:11)
1438 creatures vanquished.

Vanquished Creatures (collateral kills)
  Rupert (Orc:2)
  Agnes (Spider:4)
  The ghost of Multipenetrator the Combatant, a journeyman DsGl of Okawaru (D:14)
  An emperor scorpion (Spider:3)
  The ghost of inmateoo the Fencer, a journeyman DrFi of Okawaru (D:14)
  A spark wasp (Spider:4)
  A merfolk impaler (Shoals:1)
  A wretched star (Abyss:4)
  A wolf spider (Spider:4)
  2 orb spiders
  An orc sorcerer (Orc:2)
  An orc knight (Orc:2)
  A gargoyle (D:15)
  2 water nymphs
  A demonic crawler (Spider:3)
  2 freezing wraiths (D:14)
  2 merfolk (Shoals:3)
  5 redbacks (Spider:4)
  A wraith (D:14)
  3 tarantellas (Spider:4)
  An orc warrior (Orc:2)
  An ogre (D:15)
  A crimson imp (D:14)
  An orc priest (Orc:2)
34 creatures vanquished.

Vanquished Creatures (others)
  Nikola (Vaults:1)
  A merfolk aquamancer (Shoals:3)
  A deep elf mage (Elf:1)
  An orc knight (Orc:2)
  A wolf spider (Spider:1)
  An orb spider (Spider:1)
  A hornet (Spider:4)
  2 redbacks
  2 bushes (Shoals:1)
  44 fungi
  65 plants
  4 tentacles (Shoals:2)
124 creatures vanquished.

Grand Total: 1596 creatures vanquished

Notes
Turn   | Place    | Note
-------+----------+-------------------------------------------
     0 | D:1      | rlgrobin the Draconian Warper began the quest for the Orb.
     0 | D:1      | Reached XP level 1. HP: 17/17 MP: 3/3
   189 | D:1      | Reached XP level 2. HP: 20/24 MP: 5/5
   279 | D:1      | You fall through a shaft!
   510 | D:1      | Reached skill level 3 in Unarmed Combat
   887 | D:2      | Found a faded altar of an unknown god.
   910 | D:2      | Learned a level 2 spell: Blink
   913 | D:2      | Learned a level 2 spell: Shroud of Golubria
  1188 | D:2      | Found a sacrificial altar of Ru.
  1196 | D:2      | Reached XP level 3. HP: 26/29 MP: 4/6
  1208 | D:2      | Found a shimmering altar of Xom.
  1212 | D:2      | Found a glowing golden altar of the Shining One.
  1659 | D:2      | Reached skill level 4 in Unarmed Combat
  1918 | D:3      | Reached XP level 4. HP: 33/36 MP: 5/7
  2306 | D:3      | Reached skill level 5 in Unarmed Combat
  2334 | D:3      | Found a stormy altar of Qazlal.
  2346 | D:3      | Noticed Robin
  2757 | D:3      | Reached XP level 5. HP: 41/41 MP: 8/8
  2766 | D:3      | Killed Robin
  3451 | D:4      | Reached skill level 6 in Unarmed Combat
  3498 | D:4      | Reached skill level 1 in Charms
  3686 | D:4      | Reached XP level 6. HP: 43/48 MP: 6/9
  4375 | D:4      | Found a deep blue altar of Sif Muna.
  4545 | D:5      | Entered Level 5 of the Dungeon
  4738 | D:5      | Found a white marble altar of Elyvilon.
  4778 | D:5      | Found a staircase to the Ecumenical Temple.
  4788 | Temple   | Entered the Ecumenical Temple
  4919 | Temple   | Became a worshipper of Uskayaw the Reveler
  4990 | D:5      | Reached * piety under Uskayaw
  4992 | D:5      | Your scales start taking on a dull iron-grey colour.
  4992 | D:5      | Reached XP level 7. HP: 33/55 MP: 5/10
  4992 | D:5      | Gained mutation: You can survive without breathing. [Grey Draconian growth]
  5073 | D:5      | Reached ** piety under Uskayaw
  5078 | D:5      | Reached *** piety under Uskayaw
  5277 | D:5      | Noticed Sigmund
  5290 | D:5      | Killed Sigmund
  5394 | D:5      | Reached XP level 8. HP: 57/67 MP: 11/11
  5494 | D:5      | Found a basalt altar of Yredelemnul.
  5528 | D:5      | Reached skill level 1 in Invocations
  5639 | D:6      | Noticed Duvessa
  5657 | D:6      | Noticed Dowan
  5664 | D:6      | Reached **** piety under Uskayaw
  5667 | D:6      | Killed Duvessa
  5673 | D:6      | Reached ***** piety under Uskayaw
  5697 | D:6      | Reached skill level 5 in Invocations
  5698 | D:6      | Reached ****** piety under Uskayaw
  5705 | D:6      | Killed Dowan
  5849 | D:6      | Noticed Blork the orc
  5864 | D:6      | Killed Blork the orc
  5941 | D:6      | Reached skill level 5 in Fighting
  6000 | D:6      | Reached skill level 7 in Unarmed Combat
  6000 | D:6      | Reached XP level 9. HP: 69/74 MP: 11/13
  6373 | D:6      | Found a runed door.
  6378 | D:6      | Noticed Crazy Yiuf
  6384 | D:6      | Killed Crazy Yiuf
  6506 | D:6      | Noticed a hill giant
  6694 | D:7      | Reached skill level 5 in Dodging
  6763 | D:7      | Found a sacrificial altar of Ru.
  7198 | D:7      | Found a radiant altar of Vehumet.
  7199 | D:7      | Found a burning altar of Makhleb.
  7612 | D:8      | Reached skill level 8 in Unarmed Combat
  7612 | D:8      | Reached XP level 10. HP: 72/83 MP: 11/14
  7757 | D:8      | Found a glowing golden altar of the Shining One.
  7907 | D:8      | Noticed Gastronok
  7937 | D:8      | Found a stormy altar of Qazlal.
  7937 | D:8      | Found a sparkling altar of Nemelex Xobeh.
  7993 | D:8      | Killed Gastronok
  7993 | D:8      | Reached skill level 10 in Unarmed Combat
  8514 | D:9      | Got a fine wooden ring
  8516 | D:9      | Identified the ring of Autotheism {Fire Int+6} (You found it on level 9 of the Dungeon)
  8759 | D:9      | Reached XP level 11. HP: 73/95 MP: 8/15
  8920 | D:9      | Reached skill level 11 in Unarmed Combat
  9071 | D:10     | Entered Level 10 of the Dungeon
  9249 | D:10     | Found Boxkal's Food Boutique.
  9363 | D:10     | Noticed a deep elf mage
  9481 | D:10     | Noticed a hill giant
  9534 | D:10     | Killed a hill giant
  9592 | D:10     | Noticed epen's ghost (novice MfMo)
  9629 | D:10     | Killed epen's ghost
  9763 | D:10     | Noticed a hill giant
  9774 | D:10     | Killed a hill giant
 10059 | D:10     | Killed a deep elf mage
 10313 | D:11     | Reached skill level 10 in Invocations
 10314 | D:11     | Noticed a centaur warrior
 10332 | D:11     | Killed a centaur warrior
 10336 | D:11     | Found Dunidd's Food Boutique.
 10376 | D:11     | Found a staircase to the Orcish Mines.
 10487 | D:11     | Reached skill level 1 in Stealth
 10627 | D:11     | Found a staircase to the Lair.
 10808 | D:11     | Found an opulent altar of Gozag.
 10808 | D:11     | Found a shadowy altar of Dithmenos.
 10809 | D:11     | Noticed a tengu reaver
 10814 | D:11     | Noticed a fire dragon
 10912 | D:11     | Killed an unseen horror
 10915 | D:11     | Reached XP level 12. HP: 57/103 MP: 7/20
 10941 | D:11     | Identified a +0 rod of shadows (10/10) (You found it on level 11 of the Dungeon)
 11002 | Lair:1   | Entered Level 1 of the Lair of Beasts
 11104 | Lair:1   | Learned a level 3 spell: Teleport Other
 11109 | Lair:1   | Learned a level 4 spell: Passage of Golubria
 11227 | Lair:1   | Reached skill level 5 in Translocations
 11379 | Lair:1   | Noticed Erica
 11410 | Lair:1   | Killed Erica
 11874 | Lair:2   | Noticed a death yak
 11875 | Lair:2   | Noticed a death yak
 11876 | Lair:2   | Noticed a death yak
 11876 | Lair:2   | Noticed a death yak
 12418 | Lair:2   | Noticed a death yak
 12419 | Lair:2   | Noticed a death yak
 12419 | Lair:2   | Noticed a death yak
 12420 | Lair:2   | Noticed a death yak
 12919 | Lair:2   | Noticed a death yak
 13286 | Lair:2   | Killed a death yak
 13286 | Lair:2   | Reached skill level 5 in Spellcasting
 13298 | Lair:2   | Killed a death yak
 13464 | Lair:2   | Killed a death yak
 13898 | Lair:3   | Found a staircase to the Shoals.
 14082 | Lair:3   | Learned a level 2 spell: Repel Missiles
 14127 | Lair:3   | Found a hole to the Spider Nest.
 15068 | Lair:4   | Noticed an eight-headed hydra
 15521 | Lair:4   | Killed an eight-headed hydra
 15521 | Lair:4   | Reached XP level 13. HP: 111/111 MP: 21/21
 15733 | Lair:5   | Found a labyrinth entrance.
 15790 | Lab      | Entered a labyrinth
 16229 | Lab      | Noticed a minotaur
 16246 | Lab      | Killed a minotaur
 16300 | Lair:5   | Found a staircase to the Slime Pits.
 16300 | Lair:5   | Found a viscous altar of Jiyva.
 16401 | Lair:4   | Upgraded the game from 0.19-a0-1490-g5dd3618 to 0.19-a0-1493-gd0fcaa6
 16737 | Lair:5   | Reached skill level 10 in Fighting
 17556 | Lair:6   | Entered Level 6 of the Lair of Beasts
 17927 | Lair:6   | Reached skill level 10 in Dodging
 18518 | Lair:6   | Reached skill level 12 in Unarmed Combat
 19060 | Lair:6   | Reached XP level 14. HP: 32/124 MP: 3/22
 19398 | Lair:6   | Reached skill level 13 in Unarmed Combat
 19810 | Lair:6   | Found a runed door.
 20454 | Lair:6   | Reached skill level 14 in Unarmed Combat
 22036 | Lair:6   | Reached skill level 15 in Unarmed Combat
 22852 | D:11     | Killed a tengu reaver
 23448 | D:12     | Found a radiant altar of Vehumet.
 23493 | D:12     | Identified a +1 rod of clouds (11/11) (You found it on level 12 of the Dungeon)
 23682 | D:12     | Reached skill level 16 in Unarmed Combat
 24027 | D:12     | Reached XP level 15. HP: 75/130 MP: 11/23
 24031 | D:12     | Reached skill level 1 in Evocations
 24364 | D:13     | Reached skill level 1 in Air Magic
 24503 | D:13     | Noticed Josephine
 24559 | D:13     | Killed Josephine
 24610 | D:13     | Found a gate to the Vaults.
 24982 | Orc:1    | Entered Level 1 of the Orcish Mines
 24982 | Orc:1    | Noticed crawlian's ghost (novice DEFE)
 24995 | Orc:1    | Killed crawlian's ghost
 25556 | Orc:2    | Entered Level 2 of the Orcish Mines
 25556 | Orc:2    | Found a staircase to the Elven Halls.
 25556 | Orc:2    | Noticed Erolcha
 25558 | Orc:2    | Noticed Nessos
 25572 | Orc:2    | Killed Nessos
 25581 | Orc:2    | Killed Erolcha
 25765 | Orc:2    | Reached skill level 5 in Evocations
 26672 | Orc:2    | Learned a level 6 spell: Haste
 26813 | Orc:2    | Noticed Rupert
 26839 | Orc:2    | Killed Rupert
 27042 | Orc:2    | Noticed Maurice
 27051 | Orc:2    | Killed Maurice
 27847 | Orc:2    | Found Gemej's Distillery.
 27847 | Orc:2    | Found Tenumel's Assorted Antiques.
 27859 | Orc:2    | Found Ypsuli's Armour Boutique.
 27859 | Orc:2    | Found Fodic's Gadget Emporium.
 27865 | Orc:2    | Bought a potion of beneficial mutation for 420 gold pieces
 27865 | Orc:2    | Gained mutation: Your tail ends in a poisonous barb. [potion of beneficial mutation]
 27875 | Orc:2    | Bought 3 scrolls labeled AWUBUL OSTRERE for 81 gold pieces
 27875 | Orc:2    | Bought a twisted diamond ring for 135 gold pieces
 27875 | Orc:2    | Bought a wavering bronze ring for 135 gold pieces
 27878 | Orc:2    | Bought a phial of floods for 440 gold pieces
 27881 | Orc:2    | Bought a potion of heal wounds for 60 gold pieces
 27881 | Orc:2    | Bought 2 potions of might for 96 gold pieces
 27881 | Orc:2    | Bought a potion of curing for 36 gold pieces
 27881 | Orc:2    | Bought a potion of haste for 120 gold pieces
 27881 | Orc:2    | Bought a potion of ambrosia for 96 gold pieces
 27886 | Orc:2    | Bought a scroll of blinking for 202 gold pieces
 27891 | Orc:2    | Identified the ring of Jeboph Impu {*Tele Str+4 Dex-3 SInv} (You bought it in a shop on level 2 of the Orcish Mines)
 28232 | D:14     | Noticed inmateoo's ghost (journeyman DrFi)
 28277 | D:14     | Killed inmateoo's ghost
 28532 | D:14     | Noticed a tengu reaver
 28533 | D:14     | Noticed a sphinx
 28661 | D:14     | Killed a sphinx
 28664 | D:14     | Killed a tengu reaver
 28821 | D:14     | Noticed Multipenetrator's ghost (journeyman DsGl)
 29770 | D:14     | Reached XP level 16. HP: 137/137 MP: 24/24
 29781 | D:14     | Reached skill level 10 in Evocations
 30357 | D:14     | Killed Multipenetrator's ghost
 30429 | D:15     | Entered Level 15 of the Dungeon
 30505 | D:15     | Found a sacrificial altar of Ru.
 30705 | D:15     | Paralysed by an ogre mage for 5 turns
 31290 | D:15     | Found a staircase to the Depths.
 31469 | D:15     | Found a shadowy altar of Dithmenos.
 31487 | D:15     | Got a pair of steaming gloves
 31498 | D:15     | Identified the +2 pair of gloves "Momurch" {rPois Str-5 Dex+2} (You found it on level 15 of the Dungeon)
 31869 | Spider:1 | Entered Level 1 of the Spider Nest
 35300 | Spider:1 | Reached XP level 17. HP: 31/152 MP: 13/25
 36411 | Spider:2 | Got an ichor-stained long sword
 36412 | Spider:2 | Identified the +6 long sword of Dissatisfaction {vamp, Str+4} (You found it on level 2 of the Spider Nest)
 37291 | Spider:3 | Got a crude granite ring
 37293 | Spider:3 | Identified the ring "Losi Dahe" {rElec EV+2} (You found it on level 3 of the Spider Nest)
 38722 | Spider:4 | Entered Level 4 of the Spider Nest
 38893 | Shoals:1 | Entered Level 1 of the Shoals
 38955 | Shoals:1 | Reached skill level 15 in Fighting
 39584 | Shoals:1 | Noticed Aizul
 40775 | Shoals:1 | Killed Aizul
 41882 | Shoals:2 | Noticed a kraken
 41889 | Shoals:2 | Killed a kraken
 42462 | Shoals:3 | Reached skill level 15 in Dodging
 42789 | Shoals:3 | Found Izupnako's Assorted Antiques.
 42797 | Shoals:3 | Bought a pair of bloodstained boots for 199 gold pieces
 42812 | Shoals:3 | Identified the +1 pair of boots of the Will of the Gods {*Contam rF++ Dex+4 SInv} (You bought it in a shop on level 3 of the Shoals)
 43422 | Shoals:3 | Learned a level 4 spell: Animate Dead
 43463 | Shoals:3 | Reached XP level 18. HP: 163/163 MP: 26/26
 43684 | Shoals:3 | Reached skill level 1 in Necromancy
 43924 | Shoals:3 | Reached skill level 5 in Stealth
 44155 | Shoals:4 | Entered Level 4 of the Shoals
 44155 | Shoals:4 | Noticed Polyphemus
 44371 | Shoals:3 | Upgraded the game from 0.19-a0-1493-gd0fcaa6 to 0.19-a0-1498-g0b85ae9
 44712 | Elf:1    | Entered Level 1 of the Elven Halls
 44906 | Elf:1    | Cast into level 3 of the Abyss (a deep elf demonologist)
 44953 | Abyss:3  | Found a corrupted altar of Lugonu.
 44984 | Abyss:4  | Found a corrupted altar of Lugonu.
 45021 | Abyss:4  | Noticed a hellephant
 45039 | Elf:1    | Escaped the Abyss
 45770 | Spider:4 | Reached skill level 5 in Necromancy
 46123 | Spider:4 | Noticed Arachne
 46187 | Spider:4 | Killed Arachne
 47772 | Spider:4 | Got a gossamer rune of Zot
 47985 | Spider:4 | Noticed Roxanne
 48035 | Spider:4 | Killed Roxanne
 48108 | Spider:4 | Noticed Agnes
 48126 | Spider:4 | Killed Agnes
 48788 | Shoals:4 | Noticed Ilsuiw
 49049 | Vaults:1 | Entered Level 1 of the Vaults
 49374 | Vaults:1 | Reached XP level 19. HP: 117/170 MP: 27/29
 49456 | Vaults:1 | Learned a level 7 spell: Dragon Form
 49591 | Vaults:1 | Reached skill level 1 in Transmutations
 49713 | Vaults:1 | Reached skill level 5 in Charms
 50757 | Vaults:1 | Noticed Nikola
 50780 | Vaults:1 | Killed Nikola
 50836 | Vaults:1 | Reached skill level 5 in Transmutations
 51230 | Vaults:2 | Slain by a vault warden

Vault maps used:
D:1:      lightli_molten_gateway, serial_bayou_pond_d
D:2:      minmay_overflow_temple_star_quad, first_bread, ecumenical_altar_1,
          grunt_decor_cap, hex_tiny
D:3:      nicolae_qazlal_eye_of_the_storm, uniq_robin
D:4:      kennysheep_mini
D:5:      kennysheep_ying_yang, hex_large, uniq_sigmund
D:6:      minmay_mini_ossuary, uniq_blork_the_orc, uniq_crazy_yiuf_cottage,
          uniq_duvessa
D:7:      grunt_temple_overflow_lords_of_destruction, basic_altar,
          minmay_stone_trees_medium, minmay_misc_feat_secret_circle,
          corexii_hall_statues_i, grunt_livestock
D:8:      gammafunk_temple_overflow_wave, serial_glass, glass_columns_b,
          glass_columns_c, minmay_strange_pillars, grunt_decor_one_mirror,
          nicolae_tso_swordbearing_angel, uniq_gastronok
D:10:     serial_shops, nicolae_shop_waterfront
D:11:     due_lair_maze_entry_diamond, kennysheep_orc_monster_closet_entryway,
          serial_shops, shop, jmf_multi_god_temple
D:12:     basic_altar, kennysheep_path_1
D:13:     david_vaults_4, uniq_josephine
D:14:     minmay_mutant_horseshoe
D:15:     grunt_enter_depths_giant_problem, basic_altar, grunt_dithmenos_smoke
Temple:   minmay_temple_curvy_loop
Lair:1:   grunt_megastairs_1, uniq_erica
Lair:2:   bh_autumn_forest_stairs
Lair:3:   elwin_shoals_entry_rocks, spider_nest_entry_webs, grunt_megastairs_4
Lair:5:   slime_altar_1, lab_entry_generic
Lair:6:   wormcave, hangedman_lair_tendril_chambers, grunt_megastairs_2
Shoals:1: argonaut_golden_fleece, uniq_aizul
Shoals:3: serial_shops, nicolae_shop_overgrown_old_shop, overgrown_tower
Shoals:4: shoals_end_grunt_ice, shoal_ilsuiw, uniq_polyphemus
Spider:1: zaba_antful_of_joy
Spider:4: grunt_spider_rune_parallel, uniq_agnes, uniq_arachne, uniq_roxanne
Orc:1:    mines5_lemuel
Orc:2:    grunt_orc_tribal_feast, uniq_nessos, uniq_erolcha, uniq_rupert,
          uniq_maurice
Elf:1:    minmay_elf_arrival_plus, minmay_elf_annihilation
Vaults:1: vaults_room_large_hall, vaults_dpeg_encased_lava,
          nicolae_vaults_network_quinsquares, ontoclasm_vaults_decontamination,
          vaults_mumra_bighexcomb, ontoclasm_vaults_gateway, v_rooms_4,
          v_misc_11, vaults_room_pool, vaults_mumra_hex, vaults_room_pools,
          nicolae_vaults_theta, ontoclasm_vaults_twist, ontoclasm_vaults_fault,
          vaults_dpeg_ring, ontoclasm_vaults_claustrophobia, uniq_nikola
Vaults:2: v_misc_33, grunt_vaults_bifocal, grunt_vaults_twisty,
          grunt_vaults_diagonal, v_misc_1, nicolae_vaults_border_crossing,
          vaults_room_hangedman_quadrants, serial_shops, nicolae_shop_stone,
          uniq_jorgrun
Abyss:3:  due_exit_kobolds
Abyss:4:  evilmike_abyss_rune_elephants_shrine, hangedman_abyss_theft
Lab:      labyrinth_mini_lab, nicolae_lab_very_dead_end, lab_block

Skill      XL: |  1  2  3  4  5  6  7  8  9 10 11 12 13 14 15 16 17 18 19 |
---------------+----------------------------------------------------------+-----
Unarmed Combat | 3 4 5 6 7 8 10 11 12 16 | 16.2
Charms         | 1 3 4 7 |  7.2
Fighting       | 4 5 6 8 9 11 14 15 | 15.0
Dodging        | 4 7 8 10 12 15 | 15.2
Invocations    | 6 11 | 11.5
Stealth        | 4 9 |  9.6
Translocations | 7 |  7.5
Spellcasting   | 5 6 7 |  7.3
Evocations     | 9 10 | 10.2
Air Magic      | 4 |  4.4
Necromancy     | 8 |  8.2
Transmutations | 5 |  5.8
Throwing       | |  0.8

Action                   |  1- 3 |  4- 6 |  7- 9 | 10-12 | 13-15 | 16-18 | 19-21 || total
-------------------------+-------+-------+-------+-------+-------+-------+-------++-------
Melee: Unarmed           |   137 |   209 |   496 |  1121 |  1892 |  2707 |   278 ||  6840
       Tailslap          |    14 |    27 |    73 |   181 |   313 |   477 |    51 ||  1136
       Punch             |     2 |     4 |    16 |    55 |   151 |   260 |    34 ||   522
Throw: Tomahawk          |       |     3 |     2 |     5 |       |       |       ||    10
       Throwing net      |       |       |       |       |       |     2 |       ||     2
 Cast: Blink             |       |     4 |     1 |     4 |     2 |    38 |     2 ||    51
       Shroud of Golubri |       |       |    19 |    22 |     5 |     1 |     1 ||    48
       Passage of Golubr |       |       |       |     2 |     5 |     5 |       ||    12
       Repel Missiles    |       |       |       |     1 |     4 |     8 |       ||    13
       Teleport Other    |       |       |       |       |       |     3 |       ||     3
       Animate Dead      |       |       |       |       |       |     2 |       ||     2
Invok: Stomp             |       |       |     4 |    40 |    80 |    43 |    14 ||   181
       Line Pass         |       |       |     2 |       |     5 |     1 |     1 ||     9
Evoke: Wand              |       |       |       |     8 |    24 |    37 |       ||    69
       Rod               |       |       |       |     3 |    24 |    54 |     7 ||    88
       Sack of spiders   |       |       |       |       |     2 |     4 |       ||     6
       Fan of gales      |       |       |       |       |     1 |     1 |       ||     2
       Phial of floods   |       |       |       |       |       |     4 |       ||     4
  Use: Scroll            |     3 |    12 |    10 |    11 |    14 |    15 |     1 ||    66
       Potion            |       |       |     2 |     4 |     8 |     8 |       ||    22
 Stab: Sleeping          |     1 |     1 |     1 |    11 |     8 |    12 |     7 ||    41
       Paralysed         |       |       |    18 |    50 |    74 |   132 |    27 ||   301
       Distracted        |       |       |       |     2 |     5 |    12 |       ||    19
       Invisible         |       |       |       |       |     1 |       |       ||     1
       Confused          |       |       |       |       |       |     7 |       ||     7
       Held in net/web   |       |       |       |       |       |     1 |       ||     1
  Eat: Chunk             |     3 |     5 |     8 |    28 |    47 |    82 |    20 ||   193
       Royal jelly       |       |     1 |       |       |     1 |     1 |       ||     3
       Fruit             |       |     1 |     1 |       |       |     3 |       ||     5
       Beef jerky        |       |     1 |       |       |     7 |     2 |       ||    10
       Meat ration       |       |       |     1 |       |       |     1 |       ||     2
       Pizza             |       |       |       |     6 |     3 |     1 |       ||    10
       Bread ration      |       |       |       |     1 |     2 |     2 |       ||     5
Armor: Skin              |    44 |    71 |   180 |   377 |   716 |   979 |    53 ||  2420
Dodge: Dodged            |    87 |   101 |   357 |   866 |  1669 |  3258 |   291 ||  6629
       Deflected         |       |       |       |       |    10 |    21 |     2 ||    33
